 Dungeon Crawl Stone Soup version 0.24-a0-446-g87df7205b4 (webtiles) character file.

Game seed: 10188519776672333781

5941 drasked the Grappler (level 10, -2/100 HPs)
             Began as a Troll Monk on June 24, 2019.
             Was a High Priest of Okawaru.
             Slain by an ice devil (20 damage)
             ... on level 11 of the Dungeon.
             The game lasted 00:20:05 (7367 turns).

drasked the Grappler (Troll Monk)                   Turns: 7367, Time: 00:20:07

Health: -2/100     AC:  6    Str: 21    XL:     10   Next: 54%
Magic:  11/12      EV: 10    Int:  9    God:    Okawaru [*****.]
Gold:   517        SH:  0    Dex: 12    Spells: 9/9 levels left

rFire    . . .     SeeInvis .     - Unarmed
rCold    . . .     Gourm    +   (no shield)
rNeg     . . .     Faith    .   a - +0 robe
rPois    .         Spirit   .   (helmet restricted)
rElec    .         Reflect  .   (no cloak)
rCorr    .         Harm     .   (gloves unavailable)
MR       .....                  (boots unavailable)
Stlth    ++........             (no amulet)
HPRegen  0.66/turn              v - ring of flight
MPRegen  0.13/turn              (no ring)

@: no status effects
A: large, unfitting armour, claws 3, fast metabolism 3, gourmand, regeneration
1, shaggy fur 1, tough skin 3
a: Heroism, Finesse, Renounce Religion, Evoke Flight


You were on level 11 of the Dungeon.
You worshipped Okawaru.
Okawaru was extremely pleased with you.
You were very full.

You visited 2 branches of the dungeon, and saw 10 of its levels.

You collected 517 gold pieces.

Inventory:

Missiles
 b - 5 atropa-tipped darts
 j - 11 poisoned darts
 x - 10 large rocks {!d}
 Q - 253 stones (quivered)
Armour
 a - a +0 robe (worn)
Jewellery
 v - a ring of flight (left claw)
Wands
 g - a wand of acid (9)
Scrolls
 i - a scroll of identify
 t - 3 scrolls of teleportation
 w - 8 scrolls of remove curse
 B - a scroll of blinking {!r}
Potions
 c - a potion of cancellation {unknown}
 d - 2 potions of mutation {unknown}
 f - 3 potions of magic
 h - a potion of heal wounds {unknown}
 l - a potion of might {unknown}
 p - 2 potions of lignification {unknown}
 q - 4 potions of curing
 r - 2 potions of berserk rage {unknown}
 s - 5 potions of agility
 u - 2 potions of haste {unknown}
Comestibles
 e - 6 rations
 k - 2 chunks of flesh


   Skills:
 + Level 6.9 Fighting
 + Level 6.8 Throwing
 - Level 2.4 Dodging
 - Level 1.0 Stealth
 * Level 11.1 Unarmed Combat
 + Level 4.0 Invocations


You had 9 spell levels left.
You didn't know any spells.
Your spell library was empty.

Dungeon Overview and Level Annotations

Branches:
Dungeon (8/15)             Temple (1/1) D:5             Orc (0/2) D:11
   Lair: D:8-11

Altars:
Ashenzari
Cheibriados
Dithmenos
Elyvilon
Fedhas
Gozag
Hepliaklqana
Kikubaaqudgha
Okawaru
Qazlal
Ru
Sif Muna
Trog
Uskayaw
Vehumet
Wu Jian
Xom
Yredelemnul
Zin
The Shining One

Shops:
D:5 (

Portals:
Ice
Cave: D:11


Innate Abilities, Weirdness & Mutations

You are too large for most types of armour.
You have claws for hands.
Your metabolism is lightning-fast.
You like to eat raw meat.
Your natural rate of healing is unusually fast.
You are covered in fur. (AC +1)
You have extremely tough skin. (AC +3)


Message History

The ice devil hits you!
* * * LOW HITPOINT WARNING * * *
The ice devil freezes you!
* * * LOW HITPOINT WARNING * * *
You claw the ice devil! You scratch the ice devil.
The ice devil closely misses you.
You barely miss the ice devil. The ice devil hits you.
* * * LOW HITPOINT WARNING * * *
The ice devil freezes you!
* * * LOW HITPOINT WARNING * * *
You claw the ice devil! The ice devil barely misses you.
You claw the ice devil!
You kill the ice devil!
Your Invocations skill increases to level 4!
The ice devil barely misses you.
You scratch the ice devil but do no damage.
The ice devil hits you!
* * * LOW HITPOINT WARNING * * *
The ice devil freezes you!!
You die...

# ### .# #...
###.#####
#....##.'.....#
#∩......###...#
#..(.##.4@#...#
#... ###.#...#
### #.#...#
##### #.'...#
.^...#####)..#
.............#
...........###
...........#
...........#


You could see an ice devil.

Levels and vault maps discovered:
D:1:      saegor_arrival_simple_e, layout_rooms, nrook_mini_backslash,
          st_stairs_2, grunt_decor_arrowhead
D:2:      layout_loops_cross, minmay_cut_off
D:3:      layout_rooms, chequers_ecumenical_altar_grove, uniq_ijyb
D:4:      layout_loops_corners, eat_drink_and_be_merry_uskayaw, first_ration
D:5:      layout_loops_cross, kiku_gazebo_pond_becter,
          grunt_temple_overflow_open, minmay_temple_entry_statues_pillars,
          serial_shops, nicolae_shop_waterfront, ebering_ghost_rock_garden,
          uniq_eustachio, uniq_blork_the_orc
D:6:      layout_basic, gammafunk_temple_overflow_claw, uniq_prince_ribbit1,
          uniq_edmund, uniq_grinder
D:7:      layout_basic, lemuel_round_altar, hangedman_abyss_or_decor_stabs
D:8:      layout_loops_cross
D:11:     layout_irregular_city, dpeg_lair_monsters, orc_david_3,
          portal_ice_cave_demonic_guard, trove_entry_hex_spiral, uniq_erica
Temple:   zaba_magenta_temple

Notes
Turn   | Place    | Note
-------+----------+-------------------------------------------
     0 | D:1      | drasked the Troll Monk began the quest for the Orb.
     0 | D:1      | Reached XP level 1. HP: 22/22 MP: 0/0
    39 | D:1      | Identified a +0 dagger
    42 | D:1      | Reached XP level 2. HP: 29/29 MP: 1/1
    83 | D:1      | Identified a +0 club
   101 | D:1      | Identified a +0 dagger
   109 | D:1      | Identified a +0 club
   112 | D:1      | Reached skill level 1 in Throwing
   116 | D:1      | Identified a +0 dagger
   133 | D:1      | Reached XP level 3. HP: 36/36 MP: 2/2
   194 | D:1      | Identified a +0 spear
   199 | D:1      | Identified a +0 dagger
   209 | D:1      | Identified a +0 dagger of protection
   389 | D:1      | Identified a +0 club
   398 | D:1      | Identified a +0 club
   469 | D:1      | Identified a +0 dagger
   653 | D:2      | Identified a +2 short sword of venom
   705 | D:2      | Reached skill level 4 in Unarmed Combat
   751 | D:2      | Reached XP level 4. HP: 41/44 MP: 3/3
   914 | D:2      | Identified a +0 short sword
   933 | D:2      | Reached skill level 3 in Fighting
  1062 | D:2      | Identified a +0 club
  1062 | D:2      | Identified a +0 hunting sling
  1092 | D:2      | Identified a +0 club
  1092 | D:2      | Identified a +0 leather armour
  1094 | D:2      | Identified a +0 dagger
  1094 | D:2      | Identified a +0 robe
  1100 | D:2      | Identified a +0 dagger
  1100 | D:2      | Identified a +0 robe
  1295 | D:2      | Identified a +0 whip
  1514 | D:3      | Identified a +0 club
  1514 | D:3      | Identified a +0 chain mail
  1579 | D:3      | Identified a cursed -1 club
  1579 | D:3      | Identified a +0 falchion
  1580 | D:3      | Identified a +0 club
  1587 | D:3      | Identified a +0 mace
  1587 | D:3      | Identified a +0 scale mail
  1591 | D:3      | Identified a +0 hand axe
  1594 | D:3      | Reached XP level 5. HP: 38/53 MP: 4/4
  1596 | D:3      | Identified a cursed -3 war axe
  1600 | D:3      | Identified a +0 mace
  1601 | D:3      | Reached skill level 2 in Throwing
  1736 | D:3      | Identified a +0 dagger
  1736 | D:3      | Identified a +0 leather armour
  1775 | D:3      | Identified a +0 scale mail
  1775 | D:3      | Noticed Ijyb
  1791 | D:3      | Killed Ijyb
  1791 | D:3      | Reached skill level 5 in Unarmed Combat
  2005 | D:3      | Found a faded altar of an unknown god.
  2107 | D:4      | Found a hide-covered altar of Uskayaw.
  2107 | D:4      | Identified a +0 giant spiked club
  2107 | D:4      | Noticed an ogre
  2114 | D:4      | HP: 9/53 [ogre/+0 giant spiked club (22)]
  2221 | D:4      | Killed an ogre
  2221 | D:4      | Reached XP level 6. HP: 49/61 MP: 5/5
  2307 | D:4      | Identified a +0 falchion
  2307 | D:4      | Identified a +0 chain mail
  2599 | D:4      | Identified a +0 giant club
  2734 | D:4      | Identified a +0 club
  2788 | D:4      | Reached skill level 6 in Unarmed Combat
  2802 | D:4      | Reached skill level 3 in Throwing
  2898 | D:4      | Reached XP level 7. HP: 67/68 MP: 6/6
  2955 | D:4      | Reached skill level 4 in Fighting
  3234 | D:5      | Entered Level 5 of the Dungeon
  3275 | D:5      | Found a runed translucent gate.
  3275 | D:5      | Found a runed translucent gate.
  3275 | D:5      | Found a runed translucent gate.
  3276 | D:5      | Noticed Azzok's ghost (amateur FoFi)
  3296 | D:5      | Identified a +0 mace
  3296 | D:5      | Identified a +0 robe
  3296 | D:5      | Noticed Blork the orc
  3355 | D:5      | Killed Blork the orc
  3455 | D:5      | Found Peenaruc's Weapon Shoppe.
  3476 | D:5      | Identified a +0 rapier
  3476 | D:5      | Identified a +0 leather armour
  3476 | D:5      | Noticed Eustachio
  3484 | D:5      | Killed Eustachio
  3681 | D:5      | Reached skill level 7 in Unarmed Combat
  3684 | D:5      | Found a staircase to the Ecumenical Temple.
  3697 | Temple   | Entered the Ecumenical Temple
  3766 | Temple   | Became a worshipper of Warmaster Okawaru
  3766 | Temple   | Reached * piety under Okawaru
  3766 | Temple   | Reached ** piety under Okawaru
  3839 | D:5      | Found a glowing silver altar of Zin.
  3839 | D:5      | Found an ornate altar of the Wu Jian Council.
  3839 | D:5      | Found a shimmering altar of Xom.
  3842 | D:5      | Found an opulent altar of Gozag.
  3902 | D:5      | Reached XP level 8. HP: 41/79 MP: 7/7
  4029 | D:5      | Identified a +0 dagger
  4029 | D:5      | Identified a +0 robe
  4036 | D:5      | Reached skill level 4 in Throwing
  4036 | D:5      | Identified a +0 dagger
  4036 | D:5      | Identified a +0 robe
  4039 | D:5      | Identified a +0 hand axe
  4039 | D:5      | Identified a +0 ring mail
  4044 | D:5      | Identified a +0 war axe
  4044 | D:5      | Identified a +0 leather armour
  4174 | D:5      | Identified a cursed +0 leather armour
  4247 | D:5      | Found an ancient bone altar of Kikubaaqudgha.
  4411 | D:5      | Killed Azzok's ghost
  4455 | D:6      | Identified a +0 dagger
  4455 | D:6      | Identified a cursed +0 scale mail
  4459 | D:6      | Identified a +0 flail
  4459 | D:6      | Identified a +0 plate armour
  4461 | D:6      | Identified a +2 vampiric dagger
  4464 | D:6      | Identified a cursed -1 dagger
  4464 | D:6      | Identified a +0 ring mail
  4464 | D:6      | Identified a +0 halberd
  4464 | D:6      | Identified a +2 plate armour of cold resistance
  4467 | D:6      | Reached skill level 5 in Fighting
  4467 | D:6      | Reached skill level 8 in Unarmed Combat
  4468 | D:6      | Identified a +0 hand axe
  4470 | D:6      | Identified a +0 club
  4470 | D:6      | Identified a +0 leather armour
  4473 | D:6      | Identified a cursed -1 dagger
  4473 | D:6      | Identified a +0 robe
  4475 | D:6      | Identified a +0 dagger
  4475 | D:6      | Identified a +0 robe
  4478 | D:6      | Identified a +0 hand axe
  4478 | D:6      | Identified a +0 leather armour
  4586 | D:6      | Noticed Grinder
  4594 | D:6      | Killed Grinder
  4594 | D:6      | Reached *** piety under Okawaru
  4594 | D:6      | Reached skill level 5 in Throwing
  4598 | D:6      | Identified a +0 dire flail of holy wrath
  4598 | D:6      | Identified a +0 leather armour
  4598 | D:6      | Noticed Edmund
  4649 | D:6      | Killed Edmund
  4649 | D:6      | Reached skill level 9 in Unarmed Combat
  4649 | D:6      | Reached XP level 9. HP: 63/88 MP: 8/8
  4759 | D:6      | Found a stormy altar of Qazlal.
  4759 | D:6      | Found a basalt altar of Yredelemnul.
  4870 | D:6      | Found a shadowy altar of Dithmenos.
  4950 | D:6      | Noticed Prince Ribbit
  4959 | D:6      | Killed Prince Ribbit
  5249 | D:6      | Identified a ring of flight (You found it on level 5 of the
                  | Dungeon)
  5250 | D:6      | Identified 9 scrolls of remove curse
  5251 | D:6      | Identified 4 scrolls of teleportation
  5252 | D:6      | Identified 3 scrolls of blinking
  5253 | D:6      | Identified 3 scrolls of identify
  5253 | D:6      | Identified 5 potions of agility
  5254 | D:6      | Identified 4 potions of curing
  5255 | D:6      | Identified 3 potions of magic
  5403 | D:7      | Reached **** piety under Okawaru
  5409 | D:7      | Identified a +0 shortbow
  5422 | D:7      | Reached skill level 1 in Invocations
  5461 | D:7      | HP: 14/89 [ice beast (10)]
  5462 | D:7      | Reached skill level 6 in Fighting
  5670 | D:7      | Identified a +0 flail
  5745 | D:7      | Found a hazy altar of Hepliaklqana.
  5768 | D:7      | Identified a +0 spear
  5768 | D:7      | Identified a +0 spear
  5768 | D:7      | Identified a +0 spear
  5776 | D:7      | Reached skill level 2 in Invocations
  6032 | D:7      | Received a gift from Okawaru
  6032 | D:7      | Reached skill level 10 in Unarmed Combat
  6182 | D:8      | Identified a +0 dagger
  6207 | D:8      | Identified a +0 halberd
  6211 | D:8      | Identified a +0 trident
  6211 | D:8      | Identified a +0 ring mail
  6215 | D:8      | Identified a +0 giant club
  6215 | D:8      | Identified a +0 giant club
  6215 | D:8      | Noticed a two-headed ogre
  6216 | D:8      | Identified a +0 spear
  6218 | D:8      | Identified a +0 spear
  6373 | D:7      | HP: 11/89 [two-headed ogre/+0 giant club (14)]
  6500 | D:7      | Killed a two-headed ogre
  6500 | D:7      | Reached skill level 6 in Throwing
  6500 | D:7      | Reached XP level 10. HP: 34/100 MP: 9/11
  6861 | D:8      | You fall into a shaft and drop 3 floors!
  6862 | D:11     | Identified a scroll of fog
  6863 | D:11     | Identified a scroll of enchant weapon
  6864 | D:11     | Identified a scroll of fear
  6865 | D:11     | Identified a scroll of immolation
  6866 | D:11     | Identified a scroll of amnesia
  6868 | D:11     | Identified a +0 dagger
  6887 | D:11     | Reached skill level 3 in Invocations
  6904 | D:11     | Found a staircase to the Orcish Mines.
  6904 | D:11     | Identified a +0 ring mail
  6939 | D:11     | Identified a +3 scimitar of flaming
  6939 | D:11     | Identified a +0 robe
  6939 | D:11     | Noticed Erica
  6950 | D:11     | Killed Erica
  7029 | D:11     | HP: 14/100 [yak (14)]
  7056 | D:11     | HP: 9/100 [yak (15)]
  7109 | D:11     | Reached ***** piety under Okawaru
  7109 | D:11     | Reached skill level 11 in Unarmed Combat
  7343 | D:11     | Identified a cursed -3 battleaxe
  7343 | D:11     | Identified a +0 shortbow
  7352 | D:11     | Found a frozen archway.
  7359 | D:11     | meem: I am meem, an upgrade of beem built by MalcolmRose
                  | (check out Malcolm's DCSS vids and other projects at
                  | http://youtube.com/malcolmrosegaming). To have me follow
                  | you in your games, type !subscribemeem - to make me go away
                  | forever, type !quitmeem - For help, type: !meem
  7364 | D:11     | HP: 25/100 [ice devil (12)]
  7366 | D:11     | Reached skill level 4 in Invocations
  7367 | D:11     | Slain by an ice devil

Table legend:
 A = Turns spent in this place as a percentage of turns spent in the entire game.
 B = Non-inter-level travel turns spent in this place as a percentage of non-inter-level travel turns spent in the entire game.
 C = Inter-level travel turns spent in this place as a percentage of turns spent in this place.
 D = Turns resting spent in this place as a percentage of non-inter-level travel turns spent in this place.
 E = Turns spent auto-exploring this place as a percentage of non-inter-level travel turns spent in this place.
 F = Non-inter-level travel turns spent in this place divided by the number of levels of this place that you've seen.
                   A       B       C       D       E      F
               +-------+-------+-------+-------+-------+----------------------
         Total | 100.0 | 100.0 |   2.2 |  13.2 |  61.3 | 720.8
       Dungeon |  98.8 |  99.0 |   2.0 |  13.4 |  61.0 | 793.0
        Temple |   1.2 |   1.0 |  18.4 |   0.0 |  84.5 |  71.0
               +-------+-------+-------+-------+-------+----------------------

Table legend:
 A = Kills in this place as a percentage of kills in entire the game.
 B = Kills by you in this place as a percentage of kills by you in the entire game.
 C = Kills by friends in this place as a percentage of kills by friends in the entire game.
 D = Other kills in this place as a percentage of other kills in the entire game.
 E = Experience gained in this place as a percentage of experience gained in the entire game.
 F = Experience gained in this place divided by the number of levels of this place that you have seen.
                   A       B       C       D       E      F
               +-------+-------+-------+-------+-------+----------------------
         Total | 100.0 | 100.0 |   N/A |   N/A | 100.0 | 848.8
       Dungeon | 100.0 | 100.0 |   N/A |   N/A | 100.0 | 943.1
               +-------+-------+-------+-------+-------+----------------------

Skill      XL: |  1  2  3  4  5  6  7  8  9 10 |
---------------+-------------------------------+-----
Throwing       | 1 2 3 5 6 |  6.8
Unarmed Combat | 4 5 6 7 9 10 11 | 11.1
Fighting       | 3 4 5 6 |  6.9
Invocations    | 2 4 |  4.0
Dodging        | |  2.4
Stealth        | |  1.0

Action                   |  1- 3 |  4- 6 |  7- 9 | 10-12 || total
-------------------------+-------+-------+-------+-------++-------
Melee: Unarmed           |    69 |   110 |   185 |    59 ||   423
       Punch             |     2 |     1 |     1 |     5 ||     9
Throw: Stone             |    64 |   103 |    67 |    14 ||   248
       Dart              |       |     3 |    32 |    10 ||    45
       Boomerang         |       |    37 |    57 |       ||    94
       Large rock        |       |       |     5 |       ||     5
Invok: Heroism           |       |       |     1 |     1 ||     2
  Use: Scroll            |       |       |     6 |     6 ||    12
       Potion            |       |       |       |     1 ||     1
 Stab: Sleeping          |       |     1 |       |       ||     1
  Eat: Chunk             |    12 |    20 |    30 |    10 ||    72
Armor: Robe              |    26 |    34 |    56 |     4 ||   120
Dodge: Dodged            |    24 |    44 |    70 |    28 ||   166

Vanquished Creatures
  Erica (D:11)
  A two-headed ogre (D:7)
  An ice devil (D:11)
  Prince Ribbit (D:6)
  Grinder (D:6)
  6 yaks (D:11)
  A basilisk (D:11)
  Eustachio (D:5)
  A hungry ghost (D:7)
  The ghost of Azzok the Shield-Bearer, an amateur FoFi (D:5)
  Edmund (D:6)
  2 orc warriors (D:6)
  A phantom (D:7)
  2 sky beasts
  3 ice beasts
  2 ogres (D:4)
  2 centaurs
  Blork the orc (D:5)
  A gnoll sergeant (D:8)
  4 bullfrogs
  2 scorpions
  A howler monkey (D:6)
  3 crimson imps (D:5)
  2 jellies
  3 hounds
  An orc priest (D:3)
  A centaur zombie (D:7)
  A bullfrog skeleton (D:8)
  An iguana (D:4)
  Ijyb (D:3)
  5 worker ants
  6 orc wizards
  A hound skeleton (D:4)
  10 gnolls
  6 adders
  An ooze (D:1)
  2 worms
  3 dart slugs
  7 leopard geckos
  25 orcs
  9 giant cockroaches
  8 goblins
  5 hobgoblins (D:1)
  6 jackals
  4 kobolds
  3 quokkas (D:2)
  6 bats
  7 frilled lizards
  8 rats
172 creatures vanquished.
